 Dungeon Crawl Stone Soup version 0.30-a0-600-gb7c8574cbb (webtiles) character file.

Game seed: 11683667873855989199

22297 Grim the Spear-Bearer (level 12, -2/101 HPs)
             Began as a Minotaur Monk on Jan 7, 2023.
             Was an Elder of Zin.
             Slain by a minotaur
             ... wielding a +1 flail of protection
              (6 damage)
             ... in a Gauntlet.
             The game lasted 00:27:43 (13777 turns).

Grim the Spear-Bearer (Minotaur Monk)              Turns: 13777, Time: 00:27:44

Health: -2/101     AC: 17    Str: 14    XL:     12   Next: 61%
Magic:  19/19      EV: 17    Int:  9    God:    Zin [****..]
Gold:   532        SH:  0    Dex: 32    Spells: 11/11 levels left

rFire   . . .      SeeInvis .    u - +4 trident
rCold   . . .      Faith    .    J - +0 kite shield
rNeg    + + +      Spirit   .    e - +2 ring mail {rPois}
rPois   +          Reflect  .    (helmet restricted)
rElec   .          Harm     .    U - +3 cloak "Loggeylo" {+Blink rN+++ Str-2 Dex+3}
rCorr   .          Rampage  +    G - +1 pair of gloves of Yvvaj {Rampage Dex+7}
Will    .....      NoTele   +    s - +0 pair of boots
Stlth   +                        H - amulet of regeneration
HPRegen 1.16/turn                o - +6 ring of dexterity
MPRegen 0.16/turn                (no ring)

@: confused, ambrosia-drunk, on recite cooldown
A: horns 2, retaliatory headbutt
a: Renounce Religion, Evoke Blink, Recite, Vitalisation, Imprison, Donate Gold


You were in a Gauntlet.
You worshipped Zin.
Zin was greatly pleased with you.
You visited 3 branches of the dungeon, and saw 15 of its levels.
You also visited: Gauntlet.

You collected 591 gold pieces.
You donated 59 gold pieces to Zin.

Inventory:

Hand Weapons
 a - a +0 spear
 u - a +4 trident (weapon)
Missiles
 d - 6 atropa-tipped darts
 g - 19 poisoned darts
 h - 16 boomerangs
 A - a throwing net (quivered)
 M - 2 boomerangs of dispersal
Armour
 e - a +2 ring mail of poison resistance (worn)
 p - a +1 pair of gloves
 s - a +0 pair of boots (worn)
 G - the +1 pair of gloves of Yvvaj (worn) {Rampage Dex+7}
   (You found it in a Gauntlet)

   Dex:       It affects your dexterity (+7).
   Rampage:   It bestows one free step when moving towards enemies.
 J - a +0 kite shield (worn)
 Q - a +0 plate armour
 U - the +3 cloak "Loggeylo" (worn) {+Blink rN+++ Str-2 Dex+3}
   (You found it in a Gauntlet)

   Str:       It affects your strength (-2).
   Dex:       It affects your dexterity (+3).
   rN:        It renders you almost immune to negative energy.
   +Blink:    It lets you blink.
Jewellery
 o - a +6 ring of dexterity (left hand)
 z - a ring of willpower
 H - an amulet of regeneration (around neck)
 K - an amulet of faith
Wands
 b - a wand of roots (22)
 w - a wand of paralysis (29)
 N - a wand of flame (8)
 P - a wand of mindburst (5)
Scrolls
 f - a scroll of torment {unknown}
 j - 3 scrolls of magic mapping
 l - 3 scrolls of fear {unknown}
 m - 7 scrolls of teleportation
 r - 2 scrolls of immolation {unknown}
 v - a scroll of enchant armour {unknown}
 x - 7 scrolls of fog {unknown}
 y - 3 scrolls of blinking
 C - a scroll of noise {unknown}
 D - a scroll of amnesia {unknown}
 F - a scroll of enchant weapon {unknown}
 I - 2 scrolls of summoning {unknown}
 L - 3 scrolls of vulnerability {unknown}
 S - a scroll of poison {unknown}
Potions
 i - 6 potions of curing
 n - a potion of berserk rage {unknown}
 q - 6 potions of lignification
 t - a potion of attraction {unknown}
 B - 2 potions of flight
 E - a potion of magic
 R - a potion of cancellation {unknown}
 T - a potion of resistance {unknown}


   Skills:
 - Level 8.0 Fighting
 - Level 14.2 Polearms
 - Level 10.7 Armour
 + Level 7.7 Dodging
 - Level 1.5 Stealth
 - Level 8.1 Shields
 + Level 11.1 Invocations


You had 11 spell levels left.
You didn't know any spells.
Your spell library contained the following spells:

 Spells                   Type           Power      Damage    Failure   Level
 Foxfire                  Conj/Fire      0%         2x1d4     87%         1
 Magic Dart               Conj           0%         1d3       87%         1
 Sandblast                Erth           0%         2d4       87%         1
 Passwall                 Tmut/Erth      0%         N/A       95%         2
 Searing Ray              Conj           0%         2d4       95%         2
 Inner Flame              Hex/Fire       0%         N/A       99%         3
 Stone Arrow              Conj/Erth      0%         3d7       99%         3
 Tukima's Dance           Hex            0%         N/A       99%         3
 Cause Fear               Hex            0%         N/A       100%        4
 Fulminant Prism          Conj/Hex       0%         3d5       100%        4
 Passage of Golubria      Tloc           0%         N/A       100%        4
 Fireball                 Conj/Fire      0%         3d3       100%        5
 Yara's Violent Unravell  Hex/Tmut       0%         3d3       100%        5
 Starburst                Conj/Fire      0%         6d3       100%        6
 Discord                  Hex            0%         N/A       100%        8


Dungeon Overview and Level Annotations

Branches:
Dungeon (11/15)            Temple (1/1) D:4            Lair (3/5) D:9
  Swamp (0/4) Lair:2       Spider (0/4) Lair:2      Gauntlet (1/1)
    Orc: D:9-12

Altars:
Ashenzari
Cheibriados
Dithmenos
Elyvilon
Fedhas
Gozag
Hepliaklqana
Kikubaaqudgha
Makhleb
Nemelex Xobeh
Okawaru
Qazlal
Ru
Sif Muna
Trog
Uskayaw
Vehumet
Wu Jian
Xom
Yredelemnul
Zin
The Shining One

Shops:
D:1 =

Annotations:
D:8 3 runed translucent doors, capka3m's ghost, novice FeCK Gauntlet 8 transporters, 16 runed translucent doors, exclusion: oklob plant


Innate Abilities, Weirdness & Mutations

You have a pair of horns on your head.
You reflexively headbutt those who attack you in melee.


Message History

The minotaur hits you with a +1 flail of protection!!
* * * LOW HITPOINT WARNING * * *
You block the minotaur's attack.
You strike the helpless minotaur from behind!
You hit the minotaur but do no damage.
You headbutt the minotaur, but do no damage.
The minotaur is lightly wounded.
The minotaur completely misses you.
The minotaur gores you but does no damage.
You feel much better.
The minotaur hits you with a +1 flail of protection!!
* * * LOW HITPOINT WARNING * * *
The minotaur gores you.
* * * LOW HITPOINT WARNING * * *
You feel much better. You block the minotaur's attack. The minotaur misses you.
The minotaur hits you with a +1 flail of protection.
* * * LOW HITPOINT WARNING * * *
You block the minotaur's attack.
You flicker back into view.
Activating: Recite (0% risk of failure)
Press: ? - help, Dir - look around, f - activate You clear your throat and prepare to recite. "And lo, the wrath of Zin did find..."
You block the minotaur's attack. x2
The minotaur hits you with a +1 flail of protection!!
* * * LOW HITPOINT WARNING * * *
You block the minotaur's attack.
You are confused.
You feel invigorated.
Your recitation is interrupted.
The minotaur hits you with a +1 flail of protection!
* * * LOW HITPOINT WARNING * * *
The minotaur gores you.
* * * LOW HITPOINT WARNING * * *
The minotaur hits you but does no damage.
The minotaur gores you but does no damage.
The minotaur hits you with a +1 flail of protection.
* * * LOW HITPOINT WARNING * * *
The minotaur gores you.
You die...

####### #≈≈≈≈≈#
#≈≈∩≈≈# #≈.H.≈#
###@### #.....#
#######'#######
#.............#
#.###.###.###.#
#.###.###.###.#
#.............#
###.###.###.###
#####.###.###.#####


You could see a minotaur (fast).

Vanquished Creatures
  A dire elephant (Gauntlet)
  Harold (Lair:1)
  Nergalle (Lair:1)
  An oklob plant (D:10)
  An ugly thing (D:10)
  6 elephants
  Maggie (Lair:1)
  A black mamba (Lair:2)
  2 cane toads
  A hellion (Gauntlet)
  4 komodo dragons
  A meliai (Lair:2)
  2 trolls (D:10)
  Grinder (D:4)
  7 blink frogs (Lair:1)
  2 hornets
  A wyvern (D:10)
  43 yaks
  Grum (D:10)
  A steam dragon (D:9)
  2 basilisks (Lair:1)
  2 wargs (D:9)
  Menkaure (D:4)
  2 acid dragons
  4 water moccasins
  2 hell hounds (Gauntlet)
  2 ice beasts
  A sky beast (D:6)
  3 orc warriors
  3 black bears
  7 ogres
  A centaur (D:9)
  2 wolves (D:10)
  A phantom (D:5)
  A kobold brigand (D:6)
  5 bullfrogs
  2 gnoll sergeants (D:8)
  2 necrophages (D:5)
  A scorpion (D:5)
  4 wights (D:7)
  2 killer bees (Lair:2)
  3 howler monkeys (D:7)
  An electric eel (D:7)
  11 jellies
  2 hounds (D:6)
  9 orc priests
  9 iguanas
  A gnoll bouda (D:9)
  Ijyb (D:4)
  11 orc wizards
  Robin (D:3)
  13 gnolls
  7 adders
  3 white imps
  An ufetubus (D:4)
  3 worms
  3 dart slugs
  33 orcs
  4 bats
  14 endoplasms
  3 giant cockroaches
  13 goblins
  10 hobgoblins
  8 jackals
  13 kobolds
  4 quokkas
  5 ball pythons
  4 frilled lizards
  2 rats
321 creatures vanquished.

Vanquished Creatures (others)
  6 fungi (D:10)
  4 plants
10 creatures vanquished.

Grand Total: 331 creatures vanquished

Notes
Turn   | Place    | Note
-------+----------+-------------------------------------------
     0 | D:1      | Grim the Minotaur Monk began the quest for the Orb.
     0 | D:1      | Reached XP level 1. HP: 19/19 MP: 0/0
    80 | D:1      | Found Ciag Ate's Jewellery Emporium.
   111 | D:1      | You fall into a shaft and drop 1 floor!
   125 | D:2      | Reached skill level 4 in Polearms
   171 | D:2      | Reached skill level 1 in Shields
   171 | D:2      | Reached XP level 2. HP: 26/26 MP: 1/1
   390 | D:1      | Reached XP level 3. HP: 31/31 MP: 2/2
   852 | D:1      | Found a faded altar of an unknown god.
  1046 | D:2      | Reached skill level 5 in Polearms
  1163 | D:2      | Reached XP level 4. HP: 32/39 MP: 3/3
  1739 | D:3      | Found a snail-covered altar of Cheibriados.
  1807 | D:3      | Noticed an ogre
  1813 | D:3      | Killed an ogre
  1814 | D:3      | Reached skill level 6 in Polearms
  1814 | D:3      | Reached XP level 5. HP: 45/45 MP: 4/4
  2147 | D:3      | Found an ornate altar of the Wu Jian Council.
  2371 | D:4      | Noticed an ogre
  2382 | D:4      | Killed an ogre
  2383 | D:4      | Reached skill level 7 in Polearms
  2383 | D:4      | Reached XP level 6. HP: 51/51 MP: 5/5
  2650 | D:4      | Found a staircase to the Ecumenical Temple.
  2677 | Temple   | Entered the Ecumenical Temple
  2896 | Temple   | Became a worshipper of Zin the Law-Giver
  2896 | Temple   | Reached * piety under Zin
  2896 | Temple   | Reached ** piety under Zin
  2957 | D:4      | Noticed Ijyb
  2967 | D:4      | Killed Ijyb
  3112 | D:4      | Reached *** piety under Zin
  3210 | D:4      | Noticed Menkaure
  3223 | D:4      | Killed Menkaure
  3430 | D:4      | Noticed Robin
  3443 | D:4      | Reached XP level 7. HP: 57/57 MP: 6/8
  3468 | D:3      | Killed Robin
  3626 | D:4      | Noticed Grinder
  3626 | D:4      | Paralysed by Grinder for 3 turns
  3636 | D:4      | Paralysed by Grinder for 2 turns
  3638 | D:4      | Killed Grinder
  3824 | D:5      | Entered Level 5 of the Dungeon
  3842 | D:5      | Reached skill level 8 in Polearms
  4022 | D:5      | Reached XP level 8. HP: 47/67 MP: 10/10
  4243 | D:5      | Found a blossoming altar of Fedhas.
  4257 | D:5      | Found a glowing golden altar of the Shining One.
  4311 | D:5      | Reached skill level 5 in Fighting
  4311 | D:5      | Reached skill level 9 in Polearms
  4775 | D:5      | Reached skill level 10 in Polearms
  5245 | D:6      | Reached skill level 11 in Polearms
  5245 | D:6      | Reached XP level 9. HP: 65/78 MP: 11/11
  5326 | D:6      | Found a shadowy altar of Dithmenos.
  5530 | D:6      | Found an opulent altar of Gozag.
  5721 | D:6      | Reached **** piety under Zin
  5771 | D:6      | Found a white marble altar of Elyvilon.
  5773 | D:6      | Found an ancient bone altar of Kikubaaqudgha.
  5775 | D:6      | Found a radiant altar of Vehumet.
  5843 | D:7      | Reached skill level 12 in Polearms
  6436 | D:7      | Reached skill level 5 in Invocations
  7203 | D:8      | Noticed capka3m's ghost (novice FeCK)
  7205 | D:8      | Found a runed translucent gate.
  7205 | D:8      | Found a runed translucent gate.
  7205 | D:8      | Found a runed translucent gate.
  7300 | D:8      | Reached skill level 13 in Polearms
  7902 | D:8      | Reached XP level 10. HP: 61/88 MP: 13/13
  7972 | D:9      | Reached skill level 14 in Polearms
  8246 | D:9      | Reached skill level 1 in Armour
  8375 | D:9      | Found a staircase to the Lair.
  8476 | D:9      | Reached skill level 5 in Armour
  8616 | D:9      | Reached XP level 11. HP: 86/94 MP: 15/15
  8793 | D:10     | Entered Level 10 of the Dungeon
  8796 | D:10     | Noticed Grum
  8823 | D:10     | Killed Grum
  9249 | D:10     | Noticed an oklob plant
  9539 | D:10     | Killed an oklob plant
  9742 | D:10     | Noticed a white ugly thing
  9762 | D:10     | Killed a white ugly thing
  9973 | D:10     | Found a basalt altar of Yredelemnul.
 10457 | Lair:1   | Entered Level 1 of the Lair of Beasts
 10473 | Lair:1   | HP: 4/94 [komodo dragon (23)]
 10619 | Lair:1   | Noticed Nergalle
 10639 | Lair:1   | Noticed a spectral orc warlord
 10640 | Lair:1   | Killed Nergalle
 10641 | Lair:1   | Reached skill level 10 in Armour
 10753 | Lair:1   | Noticed Maggie
 10848 | Lair:1   | Killed Maggie
 10900 | Lair:1   | Noticed Harold
 10924 | Lair:1   | Killed Harold
 10951 | Lair:1   | Reached skill level 5 in Shields
 11276 | Lair:1   | Reached skill level 5 in Dodging
 11291 | Lair:1   | Reached XP level 12. HP: 72/101 MP: 18/18
 11623 | Lair:1   | Reached skill level 10 in Invocations
 12592 | Lair:2   | Found a blossoming altar of Fedhas.
 12794 | Lair:2   | Found a hole to the Spider Nest.
 12918 | Lair:2   | Found a staircase to the Swamp.
 13161 | Lair:3   | Found a gate leading to a gauntlet.
 13168 | Gauntlet | Entered a Gauntlet
 13168 | Gauntlet | Found a transporter.
 13168 | Gauntlet | Found a transporter.
 13179 | Gauntlet | Found a transporter.
 13194 | Gauntlet | Found a transporter.
 13204 | Gauntlet | Found a transporter.
 13220 | Gauntlet | Found a transporter.
 13229 | Gauntlet | Found a transporter.
 13235 | Gauntlet | Found a transporter.
 13245 | Gauntlet | Found a large runed translucent door.
 13245 | Gauntlet | Noticed a dire elephant
 13246 | Gauntlet | Found a large runed translucent door.
 13247 | Gauntlet | Found a large runed translucent door.
 13247 | Gauntlet | Found a large runed translucent door.
 13248 | Gauntlet | Found a runed translucent gate.
 13249 | Gauntlet | Found a transporter.
 13249 | Gauntlet | Found a runed translucent gate.
 13250 | Gauntlet | Found a runed translucent gate.
 13251 | Gauntlet | Found a large runed translucent door.
 13251 | Gauntlet | Found a large runed translucent door.
 13252 | Gauntlet | Found a large runed translucent door.
 13253 | Gauntlet | Found a large runed translucent door.
 13262 | Gauntlet | Found a large runed translucent door.
 13262 | Gauntlet | Found a large runed translucent door.
 13262 | Gauntlet | Found a runed translucent door.
 13262 | Gauntlet | Found a runed translucent door.
 13263 | Gauntlet | Found a large runed translucent door.
 13264 | Gauntlet | Found a large runed translucent door.
 13266 | Gauntlet | Found a transporter.
 13270 | Gauntlet | Found a transporter.
 13306 | Gauntlet | Found a large runed translucent door.
 13307 | Gauntlet | Found a large runed translucent door.
 13308 | Gauntlet | Found a large runed translucent door.
 13308 | Gauntlet | Found a large runed translucent door.
 13309 | Gauntlet | Found a transporter.
 13619 | Gauntlet | Identified the +1 pair of gloves of Yvvaj {Rampage Dex+7}
 13682 | Gauntlet | Killed a dire elephant
 13719 | Gauntlet | Identified the +3 cloak "Loggeylo" {+Blink rN+++ Str-2
                  | Dex+3}
 13751 | Gauntlet | Noticed a minotaur
 13776 | Gauntlet | HP: 4/101 [minotaur/+1 flail of protection (2)]
 13777 | Gauntlet | Slain by a minotaur

Illustrated notes

Levels and vault maps discovered:
D:1:      lightli_arrival_farm, layout_loops_corners, serial_shops,
          nicolae_shop_statue_plus, ebering_ecumenical_altar_box,
          serial_bayou_pond_d, eino_curves_03
D:2:      layout_rooms
D:3:      layout_basic, chei_slow_surprise, nzn_wu_jian_contemplation
D:4:      layout_gridville, minmay_temple_entry_waves, lemuel_flame_loot_1,
          uniq_robin, uniq_grinder, uniq_menkaure, uniq_ijyb
D:5:      layout_cave_pools, lemuel_doored_altar, fedhas_altar_2,
          kennysheep_potato
D:6:      lemuel_ice_spiral_2, layout_rooms, general_overflow_altar,
          grunt_dithmenos_smoke, nicolae_overflow_hidden_temple,
          hangedman_minor_gate_pass
D:7:      statuecave_lemuel, layout_cave_pods
D:8:      layout_loops_cross, gammafunk_ghost_split
D:9:      layout_basic, erik_lair_orcish_takeover
D:10:     lemuel_slime, layout_basic, lemuel_round_altar,
          hangedman_decor_lopped, uniq_grum
D:11:     layout_irregular_city, erik_orc_4, xom_shifter_show
Temple:   nicolae_temple_slightly_damp_pantheon
Lair:1:   layout_cave_pods, cheibrodos_lair_reptile_den, grunt_megastairs_5,
          uniq_nergalle, uniq_harold, uniq_maggie
Lair:2:   layout_cave_pods, minmay_swamp_entry_reptiles,
          hellmonk_spider_entry_not_the_bees, basic_altar
Lair:3:   layout_long_grid, nicolae_volcano_entry_batcave,
          gauntlet_entry_generic, chequers_serial_rivers_small_b
Gauntlet: gammafunk_gauntlet_shortcut [gammafunk_gauntlet_arena_crates,
          minmay_gauntlet_arena_make_your_own_arena,
          nicolae_gauntlet_arena_blocks, gammafunk_gauntlet_arena_chambers,
          nicolae_gauntlet_arena_grate_2, nicolae_gauntlet_arena_x,
          gauntlet_exit_watery]

Skill      XL: |  1  2  3  4  5  6  7  8  9 10 11 12 |
---------------+-------------------------------------+-----
Polearms       | 4 5 6 7 8 11 13 14 | 14.2
Shields        | 1 2 3 4 6 8 |  8.1
Invocations    | 2 4 5 7 9 11 | 11.1
Fighting       | 4 6 8 |  8.0
Armour         | 7 10 | 10.7
Dodging        | 5 7 |  7.7
Stealth        | |  1.5

Action                   |  1- 3 |  4- 6 |  7- 9 | 10-12 || total
-------------------------+-------+-------+-------+-------++-------
Melee: Spear             |   120 |   146 |    18 |       ||   284
       Headbutt          |    18 |    26 |    49 |   213 ||   306
       Punch             |       |     2 |     3 |       ||     5
       Trident           |       |       |   330 |   785 ||  1115
Throw: Dart              |       |     6 |     7 |     3 ||    16
       Boomerang         |       |       |       |     2 ||     2
       Throwing net      |       |       |       |     3 ||     3
Invok: Vitalisation      |       |     1 |       |     4 ||     5
       Recite            |       |       |       |     6 ||     6
Evoke: Wand              |       |       |       |     9 ||     9
  Use: Scroll            |       |     4 |     3 |     4 ||    11
       Potion            |       |     1 |     2 |     7 ||    10
 Stab: Sleeping          |     1 |     1 |     4 |     2 ||     8
       Distracted        |       |     1 |     1 |       ||     2
       Held in net/web   |       |       |       |     3 ||     3
       Invisible         |       |       |       |    24 ||    24
       Confused          |       |       |       |     3 ||     3
Armor: Ring mail         |    26 |    38 |    81 |   140 ||   285
Dodge: Dodged            |    44 |    56 |   107 |   243 ||   450
Block: Kite shield       |       |       |    12 |   306 ||   318

Table legend: (Time is in decaauts)
 A = Elapsed time spent in this place.
 B = Non-inter-level travel time spent in this place.
 C = Inter-level travel time spent in this place.
 D = Time resting spent in this place.
 E = Time spent auto-exploring this place.
 F = Levels seen in this place.
 G = Mean time per level.
                   A        B        C        D        E       F      G
               +--------+--------+--------+--------+--------+-----+--------+
         Total |  13448 |  13062 |    386 |   2198 |   8236 |  16 |  840.5 |
       Dungeon |  10151 |   9852 |    299 |   2002 |   6231 |  11 |  922.8 |
        Temple |    238 |    219 |     19 |      0 |    155 |   1 |  238.0 |
          Lair |   2467 |   2399 |     68 |    166 |   1743 |   3 |  822.3 |
      Gauntlet |    590 |    590 |      0 |     30 |    107 |   1 |  590.0 |
               +--------+--------+--------+--------+--------+-----+--------+

Top non-repeatable levels by time:
    D:10: 1602 daAuts
  Lair:1: 1434 daAuts
     D:6: 1152 daAuts
     D:4: 1116 daAuts
     D:9: 1084 daAuts
  Lair:2: 1026 daAuts
     D:5: 998 daAuts
     D:7: 959 daAuts
     D:1: 945 daAuts
     D:3: 935 daAuts
     D:8: 809 daAuts
Gauntlet: 590 daAuts
     D:2: 537 daAuts
  Temple: 238 daAuts
    D:11: 9 daAuts
